 Dungeon Sprint DCSS version 0.23.1 (webtiles) character file.

Game seed: 8164118508510499301

8393 dvd the Covert (level 11, -6/108 HPs)
             Began as an Octopode Fire Elementalist on Mar 6, 2019.
             Was the Champion of Vehumet.
             Killed by divine providence
             ... invoked by a greater mummy
              (13 damage)
             ... in the Dungeon (Sprint V: "Ziggurat Sprint").
             The game lasted 00:11:13 (858 turns).

dvd the Covert (Octopode Fire Elementalist)          Turns: 858, Time: 00:11:15

Health: -6/108     AC:  7    Str: 25    XL:     11   Next: 30%
Magic:  9/33       EV: 15    Int: 28    God:    Vehumet [******]
Gold:   0          SH: 31    Dex: 27    Spells: 13/28 levels left

rFire    + . .     SeeInvis +   E - +8 lance "Wyrmbane" {slay drac, rPois rF+ rC+ AC+3}
rCold    + + +     Gourm    .   F - +18 shield of the Gong {rElec rN+ MR+ EV-5}
rNeg     + + .     Faith    .   J - +0 mask of the Dragon {MR+ Slay+3 SInv}
rPois    +         Spirit   .   (no amulet)
rElec    +         Reflect  .   I - ring of Foehoch {rPois rN+ Dex+5 SInv}
rCorr    .         Harm     .   K - ring "Guoh" {rElec rC++ MP+9 AC+3 Int-4}
MR       ++++.     NoTele   +   u - +6 ring of dexterity
Stlth    ..........             v - +6 ring of intelligence
HPRegen  0.28/turn              w - +6 ring of intelligence
MPRegen  0.23/turn              x - +6 ring of strength
                                y - +6 ring of strength
                                M - ring of Xom's Bemusement {Wiz MR++ Dex+3}

@: berserking, lightly drained, very quick
A: almost no armour, stealthy swim, amphibious, 8 rings, constrict 8, camouflage
1, gelatinous body 1
a: Renounce Religion


You were in the Dungeon.
You worshipped Vehumet.
Vehumet was exalted by your worship.
You were near starving.

You visited 1 branch

Inventory:

Hand Weapons
 E - the +8 lance "Wyrmbane" (weapon) {slay drac, rPois rF+ rC+ AC+3}
   (You found it in the Dungeon)

   It affects your AC (+3).
   It protects you from fire.
   It protects you from cold.
   It protects you from poison.
 H - the +8 glaive of the Desolation of Salt {flame, +Fly rPois Dex+6 Stlth-}
   (You found it in the Dungeon)

   It has been specially enchanted to burn those struck by it, causing extra
   injury to most foes and up to half again as much damage against particularly
   susceptible opponents.
   Big, fiery blades are also staple armaments of hydra-hunters.
   It affects your dexterity (+6).
   It protects you from poison.
   It lets you fly.
   It makes you less stealthy.
Armour
 F - the +18 shield of the Gong (worn) {rElec rN+ MR+ EV-5}
   (You found it in the Dungeon)

   It affects your evasion (-5).
   It insulates you from electricity.
   It protects you from negative energy.
   It affects your resistance to hostile enchantments.
 J - the +0 mask of the Dragon (worn) {MR+ Slay+3 SInv}
   (You found it in the Dungeon)

   It affects your accuracy and damage with ranged weapons and melee attacks
   (+3).
   It affects your resistance to hostile enchantments.
   It lets you see invisible.
Jewellery
 k - the ring of Greater Demons {rElec rF+++ AC+2 Dex-2 Stlth-}
   (You found it in the Dungeon)

   [ring of protection]

   It affects your AC (+2).
   It affects your dexterity (-2).
   It renders you almost immune to fire.
   It insulates you from electricity.
   It makes you less stealthy.
 t - a +6 ring of dexterity
 u - a +6 ring of dexterity (on tentacle)
 v - a +6 ring of intelligence (on tentacle)
 w - a +6 ring of intelligence (on tentacle)
 x - a +6 ring of strength (on tentacle)
 y - a +6 ring of strength (on tentacle)
 z - an uncursed ring of flight
 I - the ring of Foehoch (left tentacle) {rPois rN+ Dex+5 SInv}
   (You found it in the Dungeon)

   [ring of positive energy]

   It affects your dexterity (+5).
   It protects you from poison.
   It protects you from negative energy.
   It lets you see invisible.
 K - the ring "Guoh" (right tentacle) {rElec rC++ MP+9 AC+3 Int-4}
   (You found it in the Dungeon)

   [ring of protection]

   It affects your AC (+3).
   It affects your intelligence (-4).
   It greatly protects you from cold.
   It insulates you from electricity.
   It affects your magic capacity (+9).
 L - the ring "Enky" {EV+1 Int+4}
   (You found it in the Dungeon)

   [ring of evasion]

   It affects your evasion (+1).
   It affects your intelligence (+4).
 M - the ring of Xom's Bemusement (on tentacle) {Wiz MR++ Dex+3}
   (You found it in the Dungeon)

   [ring of wizardry]

   It improves your spell success rate.
   It affects your dexterity (+3).
   It affects your resistance to hostile enchantments.
Wands
 A - a wand of disintegration (7)
 B - a wand of iceblast (4)
 C - a wand of acid (7)
Scrolls
 h - 4 scrolls of blinking
 n - 4 scrolls of amnesia
 o - 7 scrolls of fog
 q - 5 scrolls of identify
 r - 5 scrolls of remove curse
 s - 2 scrolls of fear
 G - 2 scrolls of brand weapon
 N - 4 scrolls of enchant armour
Potions
 a - 2 potions of brilliance
 c - 10 potions of curing
 d - 10 potions of heal wounds
 e - 6 potions of haste
 f - 7 potions of magic
 g - a potion of berserk rage
 i - a potion of invisibility
 j - 4 potions of resistance
 l - 5 potions of agility
 m - 4 potions of might
Miscellaneous
 D - a crystal ball of energy
Comestibles
 b - 7 rations


   Skills:
 + Level 6.1(5.8) Fighting
 + Level 11.1(10.8) Polearms
 + Level 8.6(8.3) Dodging
 + Level 14.0(13.6) Stealth
 + Level 8.6(8.3) Shields
 + Level 9.3(8.9) Spellcasting
 * Level 8.9(8.5) Conjurations
 + Level 0.6(0.3) Summonings
 + Level 13.0(12.6) Fire Magic
 + Level 3.8(3.5) Evocations


You had 13 spell levels left.
You knew the following spells:

 Your Spells              Type           Power        Failure   Level  Hunger
a - Flame Tongue          Conj/Fire      #####        1%          1    None
b - Fireball              Conj/Fire      ######....   1%          5    ####...
c - Summon Lightning Spi  Summ/Air       ##......     36%         4    None
d - Iskenderun's Battles  Conj/Chrm      #####...     6%          5    ####...

Your spell library contained the following spells:

 Spells                   Type           Power        Failure   Level  Hunger
 Fulminant Prism          Conj/Hex       #####.....   2%          4    None
 Throw Flame              Conj/Fire      ######       1%          2    None
 Conjure Flame            Conj/Fire      ######..     1%          3    None
 Inner Flame              Hex/Fire       #####...     1%          3    None
 Sticky Flame             Conj/Fire      ######..     1%          4    None
 Bolt of Magma            Conj/Fire/Erth ######....   1%          5    ####...
 Force Lance              Conj/Tloc      #####...     2%          4    None
 Summon Small Mammal      Summ           ##..         3%          1    None
 Call Imp                 Summ           ##......     6%          2    None
 Corpse Rot               Necr           N/A          6%          2    None
 Sublimation of Blood     Necr           ##........   6%          2    None
 Bolt of Draining         Conj/Necr      #####.....   6%          5    ####...
 Venom Bolt               Conj/Pois      #####.....   6%          5    ####...
 Call Canine Familiar     Summ           ##......     11%         3    None
 Recall                   Summ/Tloc      N/A          12%         3    None
 Summon Guardian Golem    Hex/Summ       ##......     12%         3    None
 Gell's Gravitas          Tloc           ##........   13%         3    None
 Portal Projectile        Hex/Tloc       ##....       13%         3    None
 Iron Shot                Conj/Erth      #####.....   26%         6    #####..
 Poison Arrow             Conj/Pois      #####.....   26%         6    #####..
 Orb of Destruction       Conj           ######....   26%         7    #######
 Summon Ice Beast         Ice/Summ       ##......     36%         4    None
 Aura of Abjuration       Summ           ##........   65%         5    ####...
 Summon Demon             Summ           ##........   65%         5    ####...
 Summon Forest            Summ/Tloc      ##........   69%         5    ####...
 Summon Mana Viper        Hex/Summ       ##......     69%         5    ####...
 Agony                    Necr           ##......     71%         5    ####...
 Dispel Undead            Necr           ##......     71%         5    ####...
 Excruciating Wounds      Chrm/Necr      ##........   71%         5    ####...
 Spellforged Servitor     Conj/Summ      #####.....   73%         7    #######
 Dispersal                Tloc           ##........   99%         6    #####..
 Shadow Creatures         Summ           N/A          99%         6    #####..
 Chain Lightning          Conj/Air       #####.....   100%        8    #######
 Controlled Blink         Tloc           N/A          100%        8    #######
 Disjunction              Tloc           ##........   100%        8    #######
 Lehudib's Crystal Spear  Conj/Erth      #####.....   100%        8    #######
 Fire Storm               Conj/Fire      ######....   100%        9    #######
 Glaciate                 Conj/Ice       #####.....   100%        9    #######


Dungeon Overview and Level Annotations

Branches:
Dungeon (1/1)

Altars:
Ashenzari
Cheibriados
Dithmenos
Elyvilon
Fedhas
Gozag
Hepliaklqana
Kikubaaqudgha
Makhleb
Nemelex Xobeh
Okawaru
Qazlal
Ru
Sif Muna
Trog
Uskayaw
Vehumet
Wu Jian
Xom
Yredelemnul
Zin
The Shining One
Beogh
Jiyva
Lugonu


Innate Abilities, Weirdness & Mutations

You cannot wear most types of armour.
You are very stealthy in the water. (Stealth+)
You are amphibious.
You can wear up to eight rings at the same time.
You can use your tentacles to constrict eight enemies at once.
Your skin changes colour to match your surroundings (Stealth+).
Your rubbery body absorbs attacks. (AC +1, EV +1)


Message History

You squeeze the greater mummy!
The greater mummy is almost destroyed.
You constrict the greater mummy.
You block the emperor scorpion's attack.
GONNNNG!
The emperor scorpion claws you!
* * * LOW HITPOINT WARNING * * *
The emperor scorpion completely misses you.
The emperor scorpion stings your lightning spire.
The emperor scorpion claws your lightning spire but does no damage.
The emperor scorpion claws your lightning spire.
Your lightning spire shoots out a bolt of lightning at the emperor scorpion!
The bolt of electricity hits the emperor scorpion but does no damage.
You puncture the greater mummy!
You squeeze the greater mummy, but do no damage.
The greater mummy is almost destroyed.
You constrict the greater mummy.
The greater mummy points at you and mumbles some strange words.
Something smites you!
You die...

▓..8©8..▓
▓..}?===..▓...)}..▓
▓...)[)...▓..=)[).▓
▓.........▓.......▓
▓.........▓.......▓
▓.........▓..)....▓
▓....s....▓..)(...▓
▓.▓.Mss.▓.▓.▓.(.▓.▓
▓....@8...▓...©...▓
▓▓▓▓▓▓▓▓▓▓▓▓▓▓▓▓▓▓▓


You could see a greater mummy (dazed), 3 emperor scorpions and a friendly
lightning spire.

Vanquished Creatures
  A mummy priest (D)
  A dancing weapon (D)
  An unseen horror (shapeshifter) (D)
  A deep elf archer (D)
  A shining eye (D)
  An ugly thing (D)
  2 deep elf magi (D)
  3 draconians (D)
  An elephant (shapeshifter) (D)
  4 toenail golems (D)
  A rime drake (D)
  A polar bear (shapeshifter) (D)
  A spriggan (shapeshifter) (D)
  A tarantella (D)
  A flying skull (D)
  A neqoxec (D)
  2 steam dragons (D)
  A water moccasin (D)
  A swamp drake (D)
  2 earth elementals (D)
  A scorpion (D)
  2 mummies (D)
  An adder (D)
  An adder zombie (D)
  3 ball pythons (D)
  3 bat skeletons (D)
  A bat zombie (D)
  A ball python zombie (D)
  A bat simulacrum (D)
  A jackal skeleton (D)
  A quokka zombie (D)
44 creatures vanquished.

Notes
Turn   | Place    | Note
-------+----------+-------------------------------------------
     0 | D        | Found the +6 Majin-Bo {vamp, Archmagi MP+6 Int+6}
     0 | D        | Found the +7 great mace "Firestarter" {inner flame, rF++}
     0 | D        | dvd the Octopode Fire Elementalist began the quest for the
                  | Orb.
     0 | D        | Reached XP level 1. HP: 11/11 MP: 3/3
     0 | D        | Found a deep blue altar of Sif Muna.
     0 | D        | Found a sacrificial altar of Ru.
     0 | D        | Found a bloodstained altar of Trog.
     0 | D        | Found a stormy altar of Qazlal.
     0 | D        | Found an iron altar of Okawaru.
     0 | D        | Found a sparkling altar of Nemelex Xobeh.
     0 | D        | Found a blossoming altar of Fedhas.
     2 | D        | Found a transporter.
     2 | D        | Found an ancient bone altar of Kikubaaqudgha.
     2 | D        | Found a viscous altar of Jiyva.
     2 | D        | Found a corrupted altar of Lugonu.
     2 | D        | Found a hazy altar of Hepliaklqana.
     2 | D        | Found a burning altar of Makhleb.
     2 | D        | Found an opulent altar of Gozag.
    10 | D        | Found the +9 heavy crossbow "Sniper" {velocity, Acc+∞ SInv}
    10 | D        | Found the +10 dark maul {crush}
    10 | D        | Found the +15 Maxwell's patent armour {-Cast -Tele rElec
                  | MR+ rCorr}
    10 | D        | Found the +18 shield of the Gong {rElec rN+ MR+ EV-5}
    10 | D        | Found the cursed +14 obsidian axe {chop, +Fly SInv *Curse}
    39 | D        | Found the +6 shillelagh "Devastator" {shatter}
    39 | D        | Found the +11 plutonium sword {*Contam Stlth-}
    39 | D        | Found the +8 lance "Wyrmbane" {slay drac, rPois rF+ rC+
                  | AC+3}
    39 | D        | Found the +9 sword of Zonguldrok {reap}
    39 | D        | Found the cursed +13 scythe of Curses {drain, *Curse}
    39 | D        | Found the +0 sword of Power
    39 | D        | Found the +7 mace of Variability {chain chaos}
    39 | D        | Found the +7 Singing Sword {slice, sonic wave}
    39 | D        | Found the +7 longbow "Piercer" {penet, EV-2}
    56 | D        | Reached XP level 2. HP: 20/20 MP: 4/6
    94 | D        | Became a worshipper of Vehumet
   107 | D        | Entered arena 2.
   107 | D        | Noticed a scorpion
   107 | D        | Noticed a tarantella
   107 | D        | Found a transporter.
   110 | D        | Killed a scorpion
   110 | D        | Reached skill level 3 in Stealth
   110 | D        | Reached skill level 5 in Fire Magic
   110 | D        | Reached XP level 3. HP: 25/25 MP: 5/8
   114 | D        | Killed a tarantella
   114 | D        | Reached skill level 4 in Stealth
   114 | D        | Reached skill level 5 in Spellcasting
   114 | D        | Reached XP level 4. HP: 30/30 MP: 4/11
   114 | D        | Reached XP level 5. HP: 35/35 MP: 4/12
   120 | D        | Got the ring of Greater Demons {rElec rF+++ AC+2 Dex-2
                  | Stlth-}
   171 | D        | Entered arena 3.
   171 | D        | Noticed a draconian
   171 | D        | Noticed a draconian
   171 | D        | Noticed a draconian
   171 | D        | Found a transporter.
   180 | D        | Killed a draconian
   180 | D        | Reached * piety under Vehumet
   180 | D        | Offered knowledge of Sting by Vehumet.
   180 | D        | Reached skill level 5 in Dodging
   180 | D        | Reached skill level 6 in Stealth
   180 | D        | Reached skill level 10 in Fire Magic
   180 | D        | Reached XP level 6. HP: 23/41 MP: 11/15
   180 | D        | Reached XP level 7. HP: 25/45 MP: 11/16
   185 | D        | Killed a draconian
   185 | D        | Reached skill level 5 in Polearms
   185 | D        | Reached XP level 8. HP: 30/52 MP: 12/18
   188 | D        | Killed a draconian
   188 | D        | Reached skill level 7 in Stealth
   225 | D        | Learned a level 5 spell: Fireball
   230 | D        | Got the +8 glaive of the Desolation of Salt {flame, +Fly
                  | rPois Dex+6 Stlth-}
   311 | D        | Entered arena 4.
   311 | D        | Noticed a toenail golem
   311 | D        | Noticed a toenail golem
   311 | D        | Noticed a toenail golem
   311 | D        | Noticed a toenail golem
   311 | D        | Found a transporter.
   320 | D        | Killed a toenail golem
   320 | D        | Reached ** piety under Vehumet
   320 | D        | Reached skill level 5 in Shields
   327 | D        | Killed a toenail golem
   327 | D        | Reached skill level 8 in Stealth
   327 | D        | Reached XP level 9. HP: 58/58 MP: 9/20
   330 | D        | Killed a toenail golem
   336 | D        | Killed a toenail golem
   336 | D        | Reached skill level 9 in Stealth
   343 | D        | Got the ring of Foehoch {rPois rN+ Dex+5 SInv}
   381 | D        | Learned a level 4 spell: Summon Lightning Spire
   383 | D        | Entered arena 5.
   383 | D        | Noticed a rime drake
   383 | D        | Found a transporter.
   384 | D        | Found the +0 mask of the Dragon {MR+ Slay+3 SInv}
   385 | D        | Reached *** piety under Vehumet
   385 | D        | Offered knowledge of Throw Frost by Vehumet.
   387 | D        | Killed a rime drake
   387 | D        | Reached skill level 10 in Stealth
   400 | D        | Got the ring "Guoh" {rElec rC++ MP+9 AC+3 Int-4}
   402 | D        | Got the ring "Enky" {EV+1 Int+4}
   496 | D        | Entered arena 6.
   496 | D        | Found a transporter.
   497 | D        | Reached **** piety under Vehumet
   499 | D        | Reached skill level 5 in Fighting
   499 | D        | Reached XP level 10. HP: 66/66 MP: 22/22
   549 | D        | Entered arena 7.
   550 | D        | Found the +3 robe of Folly {Archmagi, MR-- Int+5}
   550 | D        | Found a transporter.
   551 | D        | Offered knowledge of Mephitic Cloud by Vehumet.
   551 | D        | Reached ***** piety under Vehumet
   570 | D        | Entered arena 8.
   570 | D        | Noticed a +2 hand axe of chopping
   570 | D        | Noticed a deep elf mage
   570 | D        | Noticed a deep elf archer
   570 | D        | Noticed a deep elf mage
   571 | D        | Found a transporter.
   575 | D        | Killed a +2 hand axe of chopping
   575 | D        | Reached skill level 11 in Stealth
   575 | D        | Reached skill level 5 in Conjurations
   577 | D        | Killed a deep elf mage
   585 | D        | Killed a deep elf mage
   585 | D        | Reached skill level 10 in Polearms
   585 | D        | Reached skill level 12 in Stealth
   592 | D        | Killed a deep elf archer
   592 | D        | Reached ****** piety under Vehumet
   816 | D        | Learned a level 5 spell: Iskenderun's Battlesphere
   816 | D        | Entered arena 9.
   816 | D        | Noticed a green ugly thing
   816 | D        | Noticed an unseen horror
   816 | D        | Noticed a shining eye
   818 | D        | Noticed a guardian serpent
   818 | D        | a hippogriff changed into a guardian serpent
   819 | D        | Killed a shining eye
   819 | D        | Offered knowledge of Fulminant Prism by Vehumet.
   820 | D        | Noticed an elephant
   820 | D        | a guardian serpent changed into an elephant
   821 | D        | Killed a green ugly thing
   821 | D        | Reached skill level 13 in Stealth
   822 | D        | Reached XP level 11. HP: 72/72 MP: 15/23
   823 | D        | Killed an unseen horror
   824 | D        | Found a transporter.
   833 | D        | Got the ring of Xom's Bemusement {Wiz MR++ Dex+3}
   846 | D        | Entered arena 10.
   846 | D        | Noticed a greater mummy
   846 | D        | Noticed a mummy priest
   847 | D        | Noticed an emperor scorpion
   847 | D        | Noticed an emperor scorpion
   847 | D        | Noticed an emperor scorpion
   848 | D        | Noticed a phantasmal warrior
   852 | D        | Killed a mummy priest
   852 | D        | Reached skill level 14 in Stealth
   858 | D        | Killed from afar by a greater mummy

Skill      XL: |  1  2  3  4  5  6  7  8  9 10 11 |
---------------+----------------------------------+-----
Fighting       | 2 3 4 5 6 |  6.1
Polearms       | 2 4 5 7 9 10 11 | 11.1
Dodging        | 3 4 5 6 7 8 |  8.6
Shields        | 2 3 4 5 7 8 |  8.6
Spellcasting   | 3 5 6 7 8 9 |  9.3
Conjurations   | 2 3 4 7 8 |  8.9
Fire Magic     | 4 5 8 10 11 12 13 | 13.0
Evocations     | 2 3 |  3.8
Stealth        | 3 4 6 8 10 13 14 | 14.0
Summonings     | |  0.6

Action                   |  1- 3 |  4- 6 |  7- 9 | 10-12 || total
-------------------------+-------+-------+-------+-------++-------
Melee: Lance             |     4 |     4 |    28 |    20 ||    56
       Tentacles         |     1 |     1 |    11 |     9 ||    22
       Constrict         |     1 |     1 |     1 |     2 ||     5
 Cast: Flame Tongue      |     2 |     2 |       |       ||     4
       Fireball          |       |       |     6 |    16 ||    22
       Iskenderun's Batt |       |       |       |     1 ||     1
       Summon Lightning  |       |       |       |     1 ||     1
Evoke: Wand              |       |     3 |       |       ||     3
  Use: Potion            |     1 |       |     2 |     2 ||     5
       Scroll            |       |       |       |     1 ||     1
 Stab: Invisible         |       |       |     7 |       ||     7
  Eat: Chunk             |       |       |       |     2 ||     2
Armor: Skin              |       |       |     1 |     2 ||     3
Dodge: Dodged            |       |       |     4 |     6 ||    10
Block: Shield            |     6 |    11 |    29 |    21 ||    67
